 Dungeon Crawl Stone Soup version 0.28.0 (webtiles) character file.

Game seed: 10075262653238472900

7 GrayStillPlays the Insei (level 1, 0/15 HPs)
             Began as a Demonspawn Transmuter on Feb 12, 2022.
             Slain by a giant cockroach (1 damage)
             ... on level 1 of the Dungeon.
             The game lasted 00:00:32 (107 turns).

GrayStillPlays the Insei (Demonspawn Transmuter)     Turns: 107, Time: 00:00:32

Health: 0/15       AC:  2    Str: 10    XL:     1   Next: 91%
Magic:  2/3        EV: 12    Int: 14    God:
Gold:   0          SH:  0    Dex: 13    Spells: 3/4 levels left

rFire   . . .      SeeInvis .     - Unarmed
rCold   . . .      Faith    .   (no shield)
rNeg    . . .      Spirit   .   a - +0 robe
rPois   .          Reflect  .   (helmet currently unavailable)
rElec   .          Harm     .   (no cloak)
rCorr   .          Rampage  .   (no gloves)
Will    .....                   (boots currently unavailable)
Stlth   +.........              (no amulet)
HPRegen 0.05/turn               (no ring)
MPRegen 0.08/turn               (no ring)

@: appendages (expiring)
A: horns 2, talons 2
a: End Transformation


You were on level 1 of the Dungeon.
You had temporarily grown beastly horns and talons.
You visited 1 branch of the dungeon, and saw 1 of its levels.


Innate Abilities, Weirdness & Mutations

You have temporarily grown beastly horns and talons.


   Skills:
 + Level 1.2 Fighting
 + Level 1.9 Dodging
 + Level 2.8 Unarmed Combat
 + Level 2.1 Spellcasting
 + Level 1.9 Transmutations


You had 3 spell levels left.
You knew the following spells:

 Your Spells              Type           Power      Damage    Failure   Level
a - Beastly Appendage     Tmut           12%        N/A       11%         1

Your spell library contained the following spells:

 Spells                   Type           Power      Damage    Failure   Level
 Wereblood                Tmut           6%         N/A       16%         2
 Spider Form              Tmut/Pois      4%         N/A       43%         3
 Ice Form                 Ice/Tmut       4%         N/A       83%         4

Inventory:

Hand Weapons
 b - a +0 dagger {short}
   (You found it on level 1 of the Dungeon)
Armour
 a - a +0 robe (worn)

Dungeon Overview and Level Annotations

Branches:
Dungeon (1/15)

Altars:

....... ...#
#...........##
#............
#.......#...###
.............
.............
###....#..B#g#
......##..@.#
#....##..#.#
#....##..#.#
#....##..#.#
#....##....###
#..............
##...##....###.
##.......>.... .#
#......########.#


You could see a gnoll and a giant cockroach.


Message History

Your mp is fully restored (3).
A hobgoblin comes into view.
The hobgoblin shouts!
A hobgoblin is nearby!
You grow a pair of large bovine horns.
Your feet morph into talons. 😎 MP[-1]
You lost 1 mp, and now have 2/3 mp.
You hit the hobgoblin. You claw the hobgoblin.
You kill the hobgoblin!
No target in view!
No target in view!
No target in view!
Your transformation is almost over.
A rat comes into view. 😎 MP[+1]
Your mp is fully restored (3).
A rat is nearby!
You extend your transformation's duration. 😎 MP[-1]
You lost 1 mp, and now have 2/3 mp.
The rat twitches its whiskers.
You hit the rat but do no damage. Your kick misses the rat.
The rat bites you but does no damage.
You closely miss the rat. The rat barely misses you.
You hit the rat.
You kill the rat!
No target in view!
No target in view!
No target in view!
No target in view!
No target in view!
Your transformation is almost over.
A bat comes into view. 😎 MP[+1]
Your mp is fully restored (3).
A bat is nearby!
A bat is nearby!
You extend your transformation's duration. 😎 MP[-1]
You lost 1 mp, and now have 2/3 mp.
A hobgoblin comes into view.
The bat barely misses you.
You barely miss the bat. You claw the bat, but do no damage.
Your headbutt misses the bat. The bat hits you but does no damage.
The bat barely misses you. x2
The bat misses you.
You miss the bat. The bat hits you.
The bat hits you but does no damage. 😕 HP[-1]
You take 1 damage, and now have 14/15 hp.
You hit the bat. Your headbutt misses the bat.
The bat completely misses you. 😎 HP[+1]
Your hp is fully restored (15).
The bat closely misses you. x2
You barely miss the bat. Your kick misses the bat.
Your headbutt misses the bat.
Your transformation is almost over.
The bat barely misses you.
You hit the hobgoblin. You headbutt the hobgoblin.
You kill the hobgoblin!
The bat hits you but does no damage. The bat hits you but does no damage.
The bat misses you. The bat hits you but does no damage.
You hit the bat.
You kill the bat! 😎 MP[+1]
Your mp is fully restored (3).
No target in view!
No target in view!
Found a stone staircase leading down.
Your horns disappear.
Your talons disappear.
A gnoll and a bat come into view.
You grow a pair of large bovine horns.
Your feet morph into talons.
The gnoll shouts! 😎 MP[-1]
You lost 1 mp, and now have 2/3 mp.
A giant cockroach comes into view.
The bat closely misses you.
The giant cockroach moves out of view.
You barely miss the bat. Your kick misses the bat.
The bat hits you but does no damage.
You hit the bat but do no damage. Your kick misses the bat.
You headbutt the bat.
You kill the bat!
The gnoll completely misses you. The gnoll hits you with a +0 spear!
Ouch! That really hurt!
* * * LOW HITPOINT WARNING * * *
😨 HP[-8]
You take 8 damage, and now have 7/15 hp.
MASSIVE DAMAGE!! (PAUSE)
You hit the gnoll.
Your transformation is almost over.
The gnoll closely misses you.
The giant cockroach completely misses you.
You hit the gnoll. You claw the gnoll. Your headbutt misses the gnoll.
The gnoll completely misses you.
The giant cockroach bites you but does no damage.
You hit the gnoll but do no damage. The gnoll hits you with a +0 spear.
* * * LOW HITPOINT WARNING * * *
The giant cockroach bites you.
You die...

Action                   || total
-------------------------++-------
Melee: Unarmed           ||    17
       Kick              ||     4
       Headbutt          ||     2
 Cast: Beastly Appendage ||     5
 Stab: Sleeping          ||     1
Armor: Robe              ||     8
Dodge: Dodged            ||    16

Levels and vault maps discovered:
D:1:      eino_arrival_cavern_b, layout_basic,
          hellmonk_ecumenical_altar_defaced_shrine

Notes
Turn   | Place    | Note
-------+----------+-------------------------------------------
     0 | D:1      | GrayStillPlays the Demonspawn Transmuter began the quest
                  | for the Orb.
     0 | D:1      | Reached XP level 1. HP: 15/15 MP: 3/3
     0 | D:1      | magus.rc [v1.9.6]
   107 | D:1      | HP: 1/15 [gnoll (6)]
   107 | D:1      | Slain by a giant cockroach

Vanquished Creatures
  A dart slug (D:1)
  2 hobgoblins (D:1)
  2 bats (D:1)
  A rat (D:1)
6 creatures vanquished.

Table legend:
 A = Non-vault XP
 B = Vault XP
 C = Vault XP percentage of total XP
 D = Non-vault monster count
 E = Vault monster count
 F = Vault count percentage of total count
                 A         B        C        D         E       F
            +---------+---------+-------+---------+---------+-------
      Total |      11 |       0 |   0.0 |       6 |       0 |   0.0
            +---------+---------+-------+---------+---------+-------
        D:1 |      11 |       0 |   0.0 |       6 |       0 |   0.0
            +---------+---------+-------+---------+---------+-------

Illustrated notes

Table legend:
 A = Kills in this place as a percentage of kills in entire the game.
 B = Kills by you in this place as a percentage of kills by you in the entire game.
 C = Kills by friends in this place as a percentage of kills by friends in the entire game.
 D = Other kills in this place as a percentage of other kills in the entire game.
 E = Experience gained in this place as a percentage of experience gained in the entire game.
 F = Experience gained in this place divided by the number of levels of this place that you have seen.
                   A       B       C       D       E      F
               +-------+-------+-------+-------+-------+----------------------
         Total | 100.0 | 100.0 |   N/A |   N/A | 100.0 |  11.0
       Dungeon | 100.0 | 100.0 |   N/A |   N/A | 100.0 |  11.0
               +-------+-------+-------+-------+-------+----------------------

Table legend: (Time is in decaauts)
 A = Elapsed time spent in this place.
 B = Non-inter-level travel time spent in this place.
 C = Inter-level travel time spent in this place.
 D = Time resting spent in this place.
 E = Time spent auto-exploring this place.
 F = Levels seen in this place.
 G = Mean time per level.
                   A        B        C        D        E       F      G
               +--------+--------+--------+--------+--------+-----+--------+
         Total |    106 |    106 |      0 |      0 |     64 |   1 |  106.0 |
       Dungeon |    106 |    106 |      0 |      0 |     64 |   1 |  106.0 |
               +--------+--------+--------+--------+--------+-----+--------+

Top non-repeatable levels by time:
     D:1: 106 daAuts
